 Dungeon Crawl Stone Soup version 0.31-a0-1626-g5cb510d322 (webtiles) character file.

Game seed: 13433787111453618927

352 Malachi the Magician (level 6, -14/55 HPs)
             Began as an Oni Air Elementalist on Jan 12, 2024.
             Was an Initiate of Sif Muna.
             Demolished by Edmund
             ... wielding a +2 heavy flail
              (18 damage)
             ... on level 4 of the Dungeon.
             The game lasted 00:06:28 (3695 turns).

Malachi the Magician (Oni Air Elementalist)         Turns: 3695, Time: 00:06:29

Health: -14/55     AC:  3    Str: 13    XL:     6   Next: 62%
Magic:  1/13       EV:  9    Int: 21    God:    Sif Muna [......]
Gold:   87         SH:  0    Dex:  9    Spells: 4/14 levels left

rFire   . . .        o - +9 quarterstaff of the Kissing Scavenger {heavy, rC+ Int+3 Stlth-}
rCold   + . .        (shield currently unavailable)
rNeg    . . .        j - +0 robe
rPois   .            (helmet restricted)
rElec   .            (no cloak)
rCorr   +            (gloves unavailable)
SInv    .            (boots unavailable)
Will    .....        (no amulet) Stlth
                     i - ring of resist corrosion
HPRegen 0.29/turn    (no ring)
MPRegen 0.13/turn

%: no passive effects
@: very slightly contaminated
A: large, unfitting armour, horns 1, tough skin 1, double potion healing,
drunken brawling
a: Renounce Religion


You were on level 4 of the Dungeon.
You worshipped Sif Muna.
Sif Muna was noncommittal.
You visited 1 branch of the dungeon, and saw 4 of its levels.

You collected 87 gold pieces.

Inventory:

Hand Weapons
 o - the +9 quarterstaff of the Kissing Scavenger (weapon) {heavy, rC+ Int+3 Stlth-}
   (You found it on level 3 of the Dungeon)

   Int+3:     It affects your intelligence (+3).
   rC+:       It protects you from cold.
   Stlth-:    It makes you less stealthy.
Armour
 j - a +0 robe (worn)
Magical Staves
 e - a staff of fire
Jewellery
 i - a ring of resist corrosion (left hand)
Scrolls
 a - 2 scrolls of identify {unknown}
 c - 3 scrolls of brand weapon {unknown}
 g - a scroll of amnesia {unknown}
 h - 2 scrolls of poison {unknown}
 k - a scroll of teleportation {unknown}
 l - a scroll of fog {unknown}
 m - a scroll of enchant armour {unknown}
 p - a scroll of fear {unknown}
Potions
 b - a potion of magic
 d - a potion of heal wounds
 f - a potion of might {unknown}
 n - a potion of curing {unknown}
 q - 3 potions of resistance {unknown}


   Skills:
 + Level 1.4 Fighting
 + Level 1.0 Staves
 - Level 1.8 Dodging
 - Level 1.4 Stealth
 + Level 4.6 Spellcasting
 - Level 3.0 Conjurations
 + Level 4.2 Air Magic


You had 4 spell levels left.
You knew the following spells:

 Your Spells              Type           Power      Damage    Failure   Level
a - Shock                 Conj/Air       80%        1d8       2%          1
b - Static Discharge      Conj/Air       40%        3-5/arc   3%          2
c - Swiftness             Air            22%        N/A       6%          3
d - Airstrike             Air            11%        2d(2-18)  21%         4

Your spell library contained the following spells:

 Spells                   Type           Power      Damage    Failure   Level
 Foxfire                  Conj/Fire      44%        2x1d6     6%          1
 Freeze                   Ice            16%        1d4       12%         1
 Slow                     Hex            16%        N/A       12%         1
 Ensorcelled Hibernation  Hex/Ice        8%         N/A       17%         2
 Hailstorm                Conj/Ice       11%        3d6       19%         3
 Confusing Touch          Hex            4%         N/A       34%         3
 Frozen Ramparts          Ice            8%         1d2       34%         3
 Passwall                 Erth           4%         N/A       34%         3
 Sigil of Binding         Hex            4%         N/A       34%         3
 Vampiric Draining        Necr           4%         2d6       34%         3
 Plasma Beam              Fire/Air       6%         2x1d17    100%        6
 Starburst                Conj/Fire      5%         6d4       100%        6


Dungeon Overview and Level Annotations

Branches:
Dungeon (4/15)
 Temple: D:4-7

Altars:
Ashenzari
Elyvilon
Sif Muna

Annotations:
D:4 Edmund


Innate Abilities, Weirdness & Mutations

You are too large for most types of armour.
You have a pair of small horns on your head.
You have tough skin. (AC +1)
You gain doubled healing and magic from potions.
Whenever you drink a healing potion, you attack all around you.


Message History

Casting: Static Discharge (safe; 3% risk of failure)
Confirm with . or Enter, or press ? or * to list all spells.
Edmund is struck by an arc of lightning.
Edmund is moderately wounded.
You are struck by an arc of lightning.
Edmund is struck by an arc of lightning.
Edmund is moderately wounded.
You are struck by an arc of lightning.
The lightning grounds out.
Unknown command.
Casting: Static Discharge (safe; 3% risk of failure)
Confirm with . or Enter, or press ? or * to list all spells.
You miscast Static Discharge.
You are very lightly contaminated with residual magic.
Nothing appears to happen.
Edmund hits you with a +2 heavy flail!!
Unknown command.
Unknown command.
Casting: Static Discharge (safe; 3% risk of failure)
Confirm with . or Enter, or press ? or * to list all spells.
Edmund is struck by an arc of lightning.
Edmund is heavily wounded.
You are struck by an arc of lightning.
The lightning grounds out.
Edmund hits you with a +2 heavy flail.
Unknown command.
Unknown command.
Unknown command.
Casting: Static Discharge (safe; 3% risk of failure)
Confirm with . or Enter, or press ? or * to list all spells.
Edmund is struck by an arc of lightning.
Edmund is heavily wounded.
You are struck by an arc of lightning.
The lightning grounds out.
Unknown command.
Unknown command.
You sock Edmund! Your headbutt misses Edmund.
Edmund is almost dead.
Edmund says, "People accused me of being a cutpurse!"
Edmund hits you with a +2 heavy flail!!
* * * LOW HITPOINT WARNING * * *
Edmund hits you with a +2 heavy flail!!
You die...
Edmund says, "That'll show my brother!"

..# #.# ...
#.#
#.#....#.#
#.#..#.#)#
#.##.#.#@# #
#.##.#.#@# .#
#.##.#.#.##.#
#.#..#.#....#
#.#..#.#..###
#[##.#.#.##
#.#....#.#
#<...#.#.#
#.#.##...#
...#......#


You could see Edmund.

Vanquished Creatures
  Sigmund (D:2)
  An iguana (D:4)
  6 gnolls
  2 adders
  3 dart slugs
  3 ribbon worms
  7 orcs (D:3)
  13 ball pythons
  4 endoplasms
  4 giant cockroaches
  5 goblins
  7 hobgoblins
  3 jackals (D:1)
  10 kobolds
  A quokka (D:1)
  4 bats
  4 frilled lizards
  5 rats
83 creatures vanquished.

Notes
Turn   | Place    | Note
-------+----------+-------------------------------------------
     0 | D:1      | Malachi the Oni Air Elementalist began the quest for the
                  | Orb.
     0 | D:1      | Reached XP level 1. HP: 16/16 MP: 3/3
    65 | D:1      | Reached skill level 1 in Conjurations
   191 | D:1      | Reached XP level 2. HP: 24/24 MP: 3/5
   224 | D:1      | Found a faded altar of an unknown god.
   357 | D:1      | Learned a level 2 spell: Static Discharge
   668 | D:1      | Reached XP level 3. HP: 31/31 MP: 3/7
  1344 | D:2      | Noticed Sigmund
  1381 | D:2      | Killed Sigmund
  1382 | D:2      | Reached XP level 4. HP: 33/39 MP: 1/10
  1382 | D:2      | Reached XP level 5. HP: 38/45 MP: 1/11
  1707 | D:2      | Reached XP level 6. HP: 53/53 MP: 12/12
  2932 | D:3      | Identified the +9 quarterstaff of the Kissing Scavenger
                  | {heavy, rC+ Int+3 Stlth-}
  2942 | D:3      | Learned a level 3 spell: Swiftness
  2947 | D:3      | Learned a level 4 spell: Airstrike
  3157 | D:3      | Reached skill level 1 in Fighting
  3405 | D:3      | Found a shimmering blue altar of Sif Muna.
  3409 | D:3      | Found a white marble altar of Elyvilon.
  3414 | D:3      | Found a broken altar of Ashenzari.
  3598 | D:3      | Became a worshipper of Sif Muna the Loreminder
  3626 | D:4      | Reached skill level 1 in Staves
  3685 | D:4      | Noticed Edmund
  3695 | D:4      | Demolished by Edmund

Illustrated notes

Levels and vault maps discovered:
D:1:      psy_arrival_statuary, layout_loops_ring,
          dreamdust_ecumenical_altar_hidden_monk_grotto, minivault_19,
          chequers_garden
D:2:      layout_basic, st_stairs_7, uniq_sigmund
D:3:      layout_basic, grunt_temple_overflow_diamond, minmay_misc_feat_pillars
D:4:      layout_basic, ebering_ghost_sewer_d, uniq_edmund

Skill      XL: |  1  2  3  4  5  6 |
---------------+-------------------+-----
Conjurations   | 1 2 3 |  3.0
Air Magic      | 3 4 |  4.2
Spellcasting   | 3 4 |  4.6
Fighting       | 1 |  1.4
Staves         | 1 |  1.0
Dodging        | |  1.8
Stealth        | |  1.4

Action                     |  1- 3 |  4- 6 || total
---------------------------+-------+-------++-------
  Melee: Unarmed           |     9 |       ||     9
         Staff             |    12 |    11 ||    23
         Headbutt          |       |     5 ||     5
         Quarterstaff      |       |    39 ||    39
   Cast: Shock             |    51 |    49 ||   100
         Static Discharge  |     3 |     7 ||    10
    Use: Potion            |       |     1 ||     1
   Stab: Sleeping          |     1 |       ||     1
 Armour: Robe              |    27 |    71 ||    98
  Dodge: Dodged            |    13 |    34 ||    47

Table legend: (Time is in decaauts)
 A = Elapsed time spent in this place.
 B = Non-inter-level travel time spent in this place.
 C = Inter-level travel time spent in this place.
 D = Time resting spent in this place.
 E = Time spent auto-exploring this place.
 F = Levels seen in this place.
 G = Mean time per level.
                   A        B        C        D        E       F      G
               +--------+--------+--------+--------+--------+-----+--------+
         Total |   3733 |   3592 |    141 |    191 |   2887 |   4 |  933.2 |
       Dungeon |   3733 |   3592 |    141 |    191 |   2887 |   4 |  933.2 |
               +--------+--------+--------+--------+--------+-----+--------+

Top non-repeatable levels by time:
     D:2: 1586 daAuts
     D:1: 1296 daAuts
     D:3: 773 daAuts
     D:4: 77 daAuts
